 Seeded DCSS version 0.29.1-13-g9f3cf754e1 (webtiles) character file.

Game seed: 18334199546629406935 (custom seed)

2275 mathmaestro the Merchant of Misery (level 9, -4/70 HPs)
             Began as a Demonspawn Necromancer on Jan 25, 2023.
             Was a Believer of Kikubaaqudgha.
             Slain by an orc warlord
             ... wielding a +6 battleaxe
              (35 damage)
             ... in a bailey.
             The game lasted 00:21:11 (7210 turns).

mathmaestro the Merchant of Misery (DsNe)           Turns: 7210, Time: 00:21:12

Health: -4/70      AC:  8    Str: 14    XL:     9   Next: 16%
Magic:  5/16       EV: 14    Int: 20    God:    Kikubaaqudgha [**....]
Gold:   445        SH:  0    Dex: 15    Spells: 6/18 levels left

rFire   . . .      SeeInvis .   m - +4 flail (protect)
rCold   . . .      Faith    .   (no shield)
rNeg    . . .      Spirit   .   F - +2 robe {Archmagi}
rPois   .          Reflect  .   (helmet restricted)
rElec   .          Harm     .   t - +0 cloak
rCorr   .          Rampage  .   l - +0 pair of gloves
Will    .....      Archmagi +   e - +0 pair of boots
Stlth   +++.......              (no amulet)
HPRegen 0.21/turn               g - +6 ring of strength
MPRegen 0.30/turn               o - ring of flight

@: flying
A: antennae 1, rugged brown scales 1, powered by death 2, magic regeneration
a: Renounce Religion, Unearth Wretches


You were in a bailey.
You worshipped Kikubaaqudgha.
Kikubaaqudgha was pleased with you.
You visited 1 branch of the dungeon, and saw 7 of its levels.
You also visited: Sewer and Bailey.

You collected 445 gold pieces.

Inventory:

Hand Weapons
 m - a +4 flail of protection (weapon)
Missiles
 B - 4 javelins
 E - 12 boomerangs (quivered)
Armour
 e - a +0 pair of boots (worn)
 l - a +0 pair of gloves (worn)
 t - a +0 cloak (worn)
 F - a +2 robe of the Archmagi (worn)
Jewellery
 d - a ring of protection from cold
 g - a +6 ring of strength (left hand)
 o - a ring of flight (right hand)
Scrolls
 a - a scroll of noise {unknown}
 f - 3 scrolls of immolation
 j - 2 scrolls of fear
 k - 5 scrolls of teleportation
 p - 3 scrolls of magic mapping
 q - 5 scrolls of fog
 r - a scroll of summoning {unknown}
 y - a scroll of enchant armour
 A - a scroll of enchant weapon {unknown}
Potions
 b - a potion of magic
 c - 4 potions of curing
 h - 4 potions of haste {unknown}
 i - 4 potions of might {unknown}
 n - a potion of flight {unknown}
 s - 3 potions of degeneration {unknown}
 u - 4 potions of heal wounds {unknown}
 v - a potion of cancellation {unknown}
 w - 3 potions of mutation {unknown}
 x - a potion of resistance {unknown}
 z - 4 potions of invisibility {unknown}
 C - a potion of berserk rage {unknown}
 D - 3 potions of lignification {unknown}


   Skills:
 + Level 5.0 Fighting
 + Level 4.9 Dodging
 + Level 5.4 Stealth
 + Level 5.0 Spellcasting
 + Level 3.4 Hexes
 + Level 7.2 Necromancy


You had 6 spell levels left.
You knew the following spells:

 Your Spells              Type           Power      Damage    Failure   Level
a - Necrotise             Necr           100%       1d9       1%          1
b - Vampiric Draining     Necr           50%        2d9       1%          3
c - Animate Dead          Necr           50%        N/A       6%          4
d - Anguish               Hex/Necr       19%        N/A       13%         4

Your spell library contained the following spells:

 Spells                   Type           Power      Damage    Failure   Level
 Slow                     Hex            100%       N/A       2%          1
 Confusing Touch          Hex            28%        N/A       9%          3
 Agony                    Necr           50%        N/A       16%         5
 Blink                    Tloc           14%        N/A       17%         2
 Lesser Beckoning         Tloc           7%         N/A       34%         3
 Petrify                  Tmut/Erth      7%         N/A       75%         4
 Metabolic Englaciation   Hex/Ice        9%         N/A       83%         5
 Manifold Assault         Tloc           7%         N/A       97%         5
 Statue Form              Tmut/Erth      4%         N/A       100%        6


Dungeon Overview and Level Annotations

Branches:
Dungeon (7/15)             Temple (0/1) D:7           Sewer (visited)
 Bailey (1/1)

Altars:
Kikubaaqudgha

Annotations:
D:4 1 runed translucent door, OhItsWolfy's ghost, amateur GrFi


Innate Abilities, Weirdness & Mutations

You have a pair of small antennae on your head.
You are partially covered in rugged brown scales. (AC +1, +3% HP)
You regenerate health from kills.
You regenerate magic rapidly.


Message History

You feel a surge of power!
The orc warlord is haunted by guilt!
The orc warlord misses you.
You hit the orc warlord.
Your weapon exudes an aura of protection.
The orc warlord is lightly wounded.
The orc warlord hits you with a +6 battleaxe!
The orc warlord is wracked by anguish!
Casting: Anguish (dangerous; 13% risk of failure)
Confirm with . or Enter, or press ? or * to list all spells.
Aiming: Vampiric Draining (safe; 1% risk of failure)
Press: ? - help, Shift-Dir - straight line, f - orc warlord
Aim: an orc warlord, wielding a +6 battleaxe and wearing a +0 plate armour (lightly wounded, anguished)
You feel a surge of power!
You draw life force from the orc warlord!
You feel life coursing into your body!
The orc warlord hits you with a +6 battleaxe!
The orc warlord is wracked by anguish!
Casting: Vampiric Draining (safe; 1% risk of failure)
Confirm with . or Enter, or press ? or * to list all spells.
Aiming: Vampiric Draining (safe; 1% risk of failure)
Press: ? - help, Shift-Dir - straight line, f/p - orc warlord
Aim: an orc warlord, wielding a +6 battleaxe and wearing a +0 plate armour (heavily wounded, anguished)
You feel a surge of power!
You draw life force from the orc warlord.
You feel life coursing into your body.
The orc warlord hits you with a +6 battleaxe!!
The orc warlord is wracked by anguish!!
Unknown command.
Casting: Vampiric Draining (safe; 1% risk of failure)
Confirm with . or Enter, or press ? or * to list all spells.
Aiming: Vampiric Draining (safe; 1% risk of failure)
Press: ? - help, Shift-Dir - straight line, f/p - orc warlord
Aim: an orc warlord, wielding a +6 battleaxe and wearing a +0 plate armour (severely wounded, anguished)
You feel a surge of power!
You draw life force from the orc warlord.
You feel life coursing into your body.
The orc warlord hits you with a +6 battleaxe!!
Ouch! That really hurt!
You die...
Kikubaaqudgha rasps: "You have failed me!
Welcome... death!"

♣♣♣♣♣
♣♣♣♣♣♣♣♣♣♣.∩.♣♣♣♣♣♣♣♣♣♣
♣♣≈≈≈≈≈@o........≈≈≈≈≈≈♣
♣♣≈≈≈≈≈≈≈....∩....≈≈≈≈≈≈≈
♣♣≈≈≈#####.........#####≈≈
♣≈≈≈##...##.......##{..##≈
♣≈≈##.....##.....##.....##
♣≈##...8...##'''##...8...#
♣##.......................
#....))...o..............
#..8..8..)..........8..8.


You could see an orc warlord (anguished).

Vanquished Creatures
  A wyvern (D:6)
  A water moccasin (D:7)
  An orc warrior (Bailey)
  An ice beast (D:6)
  A sky beast (D:7)
  2 ogres
  A black bear (D:6)
  A phantom (D:5)
  4 bullfrogs
  A jelly (D:4)
  2 hounds (D:5)
  An iguana (D:6)
  3 orc wizards
  10 gnolls
  9 adders
  2 shadow imps (D:6)
  2 white imps (D:6)
  4 ufetubi
  2 worms
  2 dart slugs
  17 orcs
  8 endoplasms
  2 giant cockroaches
  6 goblins
  5 hobgoblins
  3 quokkas
  13 ball pythons
  4 bats
  9 kobolds
  21 rats
139 creatures vanquished.

Vanquished Creatures (collateral kills)
  A gnoll (D:5)
  A river rat (Sewer)
  2 orcs
  An endoplasm (D:1)
  7 ball pythons
  2 frilled lizards (Sewer)
  7 rats
21 creatures vanquished.

Vanquished Creatures (others)
  A troll (D:5)
  Sigmund (D:6)
  2 orc warriors (Bailey)
  An orc priest (D:5)
  4 orc zombies (Bailey)
  An adder zombie (Sewer)
  A goblin (Bailey)
  2 ball python zombies (Sewer)
  2 demonic plants (D:6)
15 creatures vanquished.

Grand Total: 175 creatures vanquished

Notes
Turn   | Place    | Note
-------+----------+-------------------------------------------
     0 | D:1      | mathmaestro the Demonspawn Necromancer began the quest for
                  | the Orb.
     0 | D:1      | Reached XP level 1. HP: 13/13 MP: 3/3
   369 | D:1      | Gained mutation: You are partially covered in rugged brown
                  | scales. (AC +1, +3% HP) [demonic ancestry]
   369 | D:1      | Reached XP level 2. HP: 14/20 MP: 1/5
  1124 | D:2      | Reached skill level 1 in Fighting
  1124 | D:2      | Reached XP level 3. HP: 13/26 MP: 1/6
  1137 | D:2      | Learned a level 3 spell: Vampiric Draining
  1787 | D:2      | Gained mutation: You have a pair of small antennae on your
                  | head. [demonic ancestry]
  1787 | D:2      | Reached XP level 4. HP: 12/32 MP: 0/7
  2192 | D:2      | Learned a level 4 spell: Animate Dead
  2249 | D:3      | Found a glowing drain.
  2274 | D:3      | Found a faded altar of an unknown god.
  2318 | Sewer    | Entered a sewer
  2606 | Sewer    | Reached skill level 5 in Necromancy
  2779 | Sewer    | Reached XP level 5. HP: 39/39 MP: 6/9
  2833 | Sewer    | Gained mutation: You regenerate magic rapidly. [demonic
                  | ancestry]
  2833 | Sewer    | Reached XP level 6. HP: 34/46 MP: 3/10
  3625 | D:4      | Found an ancient bone altar of Kikubaaqudgha.
  3637 | D:4      | Became a worshipper of Kikubaaqudgha
  4284 | D:4      | Found a runed translucent door.
  4583 | D:4      | Noticed OhItsWolfy's ghost (amateur GrFi)
  4609 | D:5      | Entered Level 5 of the Dungeon
  4708 | D:5      | Gained mutation: You regenerate a little health from kills.
                  | [demonic ancestry]
  4708 | D:5      | Reached XP level 7. HP: 41/53 MP: 12/12
  5004 | D:5      | Noticed a troll
  5283 | D:5      | Reached * piety under Kikubaaqudgha
  5283 | D:5      | Received a gift from Kikubaaqudgha
  5291 | D:4      | Learned a level 4 spell: Anguish
  5373 | D:5      | Killed a troll
  5374 | D:5      | Reached skill level 1 in Hexes
  5374 | D:5      | Reached skill level 6 in Necromancy
  5985 | D:6      | Reached XP level 8. HP: 57/61 MP: 8/14
  6095 | D:6      | Noticed Sigmund
  6475 | D:6      | Reached skill level 5 in Stealth
  6622 | D:6      | Killed Sigmund
  6678 | D:7      | Reached skill level 7 in Necromancy
  6683 | D:7      | Found a flagged portal.
  6698 | Bailey   | Entered a bailey
  6703 | Bailey   | Noticed an orc warlord
  6730 | Bailey   | Gained mutation: You regenerate health from kills. [demonic
                  | ancestry]
  6730 | Bailey   | Reached XP level 9. HP: 67/67 MP: 12/16
  6737 | Bailey   | Reached ** piety under Kikubaaqudgha
  6765 | Bailey   | Reached skill level 5 in Spellcasting
  6780 | Bailey   | Found a runed translucent gate.
  6785 | Bailey   | Found a runed translucent gate.
  6786 | Bailey   | Found a runed translucent gate.
  6845 | Bailey   | Reached skill level 5 in Fighting
  7210 | Bailey   | Slain by an orc warlord

Illustrated notes

Levels and vault maps discovered:
D:1:      shiori_shiawase, layout_loops_ring, st_stairs_7
D:2:      layout_basic, minmay_large_rounded_square
D:3:      layout_basic, portal_sewer_entry_a, hellmonk_ecumenical_altar_blasted
D:4:      layout_loops_corners, kiku_gazebo_garden_becter, ebering_ghost_sewer_d
D:5:      layout_basic
D:6:      layout_cave_pools, serial_demonic, serial_demonic_b, serial_demonic_c,
          serial_demonic_d, serial_demonic_g, uniq_sigmund
D:7:      layout_basic, lemuel_coloured_pillars_altar,
          minmay_temple_entry_mini_moons, enter_bailey_2
Bailey:   bailey_axe_bossmonster_kennysheep, bailey

Skill      XL: |  1  2  3  4  5  6  7  8  9 |
---------------+----------------------------+-----
Stealth        | 2 3 4 5 |  5.4
Dodging        | 2 3 4 |  4.9
Fighting       | 1 2 3 4 5 |  5.0
Necromancy     | 5 6 7 |  7.2
Spellcasting   | 3 4 5 |  5.0
Hexes          | 1 3 |  3.4

Action                   |  1- 3 |  4- 6 |  7- 9 || total
-------------------------+-------+-------+-------++-------
Melee: Whip              |     5 |       |       ||     5
       Flail             |       |    58 |   132 ||   190
       Punch             |       |       |     1 ||     1
Throw: Boomerang         |       |       |     2 ||     2
 Cast: Necrotise         |    60 |    67 |   109 ||   236
       Animate Dead      |       |     1 |     2 ||     3
       Vampiric Draining |       |       |    22 ||    22
       Anguish           |       |       |     5 ||     5
  Use: Scroll            |       |     4 |     8 ||    12
 Stab: Sleeping          |       |     3 |     4 ||     7
       Distracted        |       |       |     1 ||     1
Armor: Robe              |     3 |    34 |    88 ||   125
Dodge: Dodged            |     8 |    77 |   150 ||   235
